 Dungeon Sprint DCSS version 0.17-a0-1711-gc5340a3 (webtiles) character file.

264 patman the Cruncher (level 6, -6/44 HPs)
             Began as a Formicid Assassin on Aug 22, 2015.
             Was a Follower of Trog.
             Mangled by an ice beast (7 damage)
             ... summoned by a deep elf mage
             ... in the Dungeon (Sprint IX: "|||||||||||||||||||||||||||||").
             The game lasted 00:02:26 (336 turns).

patman the Cruncher (Formicid Assassin)              Turns: 336, Time: 00:02:26

Health: -6/44      AC: 12    Str: 16    XL:     6   Next: 43%
Magic:  6/6        EV: 12    Int: 10    God:    Trog [*.....]
Gold:   0          SH:  0    Dex: 17    Spells: 0 memorised, 5 levels left

rFire  . . .     SeeInvis +     r - +0 lajatang
rCold  . . .     Clarity  .     u - +1 chain mail
rNeg   . . .     SustAt   .     (no shield)
rPois  .         Gourm    .     (helmet unavailable)
rElec  .         Spirit   .     d - +0 cloak
rCorr  .         Warding  .     t - +0 pair of gloves
rMut   .         Stasis   +     s - +0 pair of boots
MR     .....                    (no amulet)
Stlth  ..........               w - +3 ring of dexterity
                                v - +2 ring of evasion

@: very slightly contaminated, not resistant to hostile enchantments, extremely
unstealthy
A: permanent stasis, dig shafts and tunnels, four strong arms, antennae 3
a: Dig, Burn Spellbooks, Renounce Religion


You were in the Dungeon.
You worshipped Trog.
Trog was aware of your devotion.
You were not hungry.

You visited 1 branch

Inventory:

Hand weapons
 a - a +2 dagger
 b - a +0 blowgun
 r - a +0 lajatang (weapon)
Missiles
 e - 8 poisoned needles
 f - 2 curare-tipped needles
Armour
 c - a +0 robe
 d - a +0 cloak (worn)
 s - a +0 pair of boots (worn)
 t - a +0 pair of gloves (worn)
 u - a +1 chain mail (worn)
Jewellery
 v - a +2 ring of evasion (left hand)
 w - a +3 ring of dexterity (right hand)
Magical devices
 q - a wand of fire (7)
Scrolls
 m - 2 scrolls of blinking
 o - 3 scrolls of remove curse
 p - 2 scrolls of amnesia
Potions
 h - 5 potions of curing
 j - a potion of haste
 k - 4 potions of magic
 l - a potion of berserk rage
Comestibles
 g - a bread ration


   Skills:
 - Level 2.1 Fighting
 - Level 2.0 Short Blades
 * Level 9.5 Staves
 - Level 1.5 Throwing
 - Level 7.2 Dodging
 - Level 4.8 Stealth


You had 5 spell levels left.
You didn't know any spells.

Dungeon Overview and Level Annotations

Branches:
Dungeon (1/1)

Altars:
Cheibriados
Dithmenos
Elyvilon
Fedhas
Gozag
Kikubaaqudgha
Makhleb
Nemelex Xobeh
Okawaru
Qazlal
Ru
Sif Muna
Trog
Vehumet
Xom
Yredelemnul
Zin
The Shining One
Beogh
Jiyva
Lugonu


Innate Abilities, Weirdness & Mutations

You are under a permanent stasis effect.
You can dig through walls and to a lower floor.
Your four strong arms can wield two-handed weapons with a shield.
You have a pair of large antennae on your head (SInv).


Message History

The iguana bites you.
You hit the iguana.
The iguana is severely wounded.
The iguana bites you.
You hit the iguana but do no damage.
The iguana is severely wounded.
Unknown command.
Unknown command.
You slice the iguana!!
You kill the iguana!
Trog accepts your kill.
You closely miss the ice beast. The ice beast closely misses you.
You hit the ice beast but do no damage. The ice beast barely misses you.
You barely miss the ice beast. The ice beast hits you.
The ice beast freezes you!
* * * LOW HITPOINT WARNING * * *
You closely miss the ice beast. The ice beast hits you.
* * * LOW HITPOINT WARNING * * *
The ice beast freezes you!
You die... { {{ {{{{ {{{{{{{{{ {{{{{{{{ ▓▓▓▓▓▓▓▓▓▓▓▓▓▓▓▓▓▓▓▓▓▓▓▓ _______'..|)....@YeoY... ▓▓▓▓▓▓▓▓▓▓▓▓▓▓▓▓▓▓▓▓▓▓▓▓

You could see 2 ice beasts, a deep elf mage and an orc.

Vanquished Creatures
  A yak (D)
  A scorpion (D)
  An iguana (D)
  An adder (D)
  A shadow imp (D)
  An ooze (D)
  An adder zombie (D)
  An orc (D)
  A bat skeleton (D)
  A giant cockroach (D)
  A quokka (D)
  2 bats (D)
  A rat (D)
14 creatures vanquished.

Notes
Turn   | Place    | Note
--------------------------------------------------------------
     0 | D        | patman the Formicid Assassin began the quest for the Orb.
     0 | D        | Reached XP level 1. HP: 16/16 MP: 1/1
     8 | D        | Reached skill level 1 in Dodging
    13 | D        | Reached XP level 2. HP: 15/22 MP: 2/2
   133 | D        | Noticed a scorpion
   143 | D        | Killed a scorpion
   143 | D        | Reached skill level 6 in Dodging
   143 | D        | Reached XP level 3. HP: 6/27 MP: 3/3
   143 | D        | Reached XP level 4. HP: 7/33 MP: 4/4
   175 | D        | Reached skill level 7 in Dodging
   190 | D        | Found a glowing silver altar of Zin.
   190 | D        | Found a glowing golden altar of the Shining One.
   190 | D        | Found an ancient bone altar of Kikubaaqudgha.
   190 | D        | Found a basalt altar of Yredelemnul.
   190 | D        | Found a shimmering altar of Xom.
   190 | D        | Found a radiant altar of Vehumet.
   191 | D        | Found an iron altar of Okawaru.
   192 | D        | Found a burning altar of Makhleb.
   193 | D        | Found a deep blue altar of Sif Muna.
   194 | D        | Found a bloodstained altar of Trog.
   195 | D        | Found a sparkling altar of Nemelex Xobeh.
   196 | D        | Found a white marble altar of Elyvilon.
   197 | D        | Found a roughly hewn altar of Beogh.
   198 | D        | Found a viscous altar of Jiyva.
   199 | D        | Found a corrupted altar of Lugonu.
   200 | D        | Found a blossoming altar of Fedhas.
   201 | D        | Found a snail-covered altar of Cheibriados.
   202 | D        | Found a shadowy altar of Dithmenos.
   203 | D        | Found a stormy altar of Qazlal.
   204 | D        | Found an opulent altar of Gozag.
   205 | D        | Found a sacrificial altar of Ru.
   276 | D        | Became a worshipper of Trog the Wrathful
   299 | D        | Noticed a yak
   299 | D        | Noticed an iguana
   299 | D        | Noticed a deep elf mage
   313 | D        | Noticed an ice beast
   318 | D        | Killed a yak
   318 | D        | Reached skill level 8 in Staves
   318 | D        | Reached XP level 5. HP: 10/38 MP: 5/5
   318 | D        | Reached XP level 6. HP: 11/44 MP: 6/6
   321 | D        | Reached skill level 9 in Staves
   322 | D        | Noticed an ice beast
   328 | D        | Acquired Trog's first power
   332 | D        | Killed an iguana
   336 | D        | HP: 1/44 [ice beast[a deep elf mage] (4)]
   336 | D        | Mangled by an ice beast

Vault maps used:
D:        linesprint

Action                   |  1- 3 |  4- 6 || total
-------------------------+-------+-------++-------
Melee: Dagger            |    21 |    37 ||    58
       Lajatang          |       |    25 ||    25
 Fire: Blowgun           |     2 |       ||     2
  Use: Potion            |       |     4 ||     4
 Stab: Invisible         |       |     2 ||     2
